 Dungeon Crawl Stone Soup version 0.26-a0-652-gafc20e3620 (webtiles) character file.

Game seed: 1634251583492299136

45 robertstho the Chiller (level 3, -3/19 HPs)
             Began as a Deep Elf Ice Elementalist on Oct 2, 2020.
             Slain by a worm (9 damage)
             ... on level 2 of the Dungeon.
             The game lasted 00:01:27 (798 turns).

robertstho the Chiller (Deep Elf Ice Elementalist)   Turns: 798, Time: 00:01:28

Health: -3/19      AC:  3    Str:  5    XL:     3   Next: 42%
Magic:  6/9        EV: 13    Int: 20    God:
Gold:   89         SH:  0    Dex: 15    Spells: 7/8 levels left

rFire    . . .     SeeInvis .   f - +0 spear
rCold    . . .     Faith    .   (no shield)
rNeg     . . .     Spirit   .   a - +0 robe
rPois    .         Reflect  .   (no helmet)
rElec    .         Harm     .   g - +0 cloak
rCorr    .         Rampage  .   (no gloves)
MR       .....                  (no boots)
Stlth    ++........             (no amulet)
HPRegen  0.06/turn              (no ring)
MPRegen  0.11/turn              (no ring)

@: no status effects
A: no striking features
a: no special abilities


You were on level 2 of the Dungeon.
You visited 1 branch of the dungeon, and saw 2 of its levels.

You collected 89 gold pieces.

Inventory:

Hand Weapons
 f - a +0 spear (weapon)
Armour
 a - a +0 robe (worn)
 g - a +0 cloak (worn)
Scrolls
 b - a scroll of teleportation {unknown}
 c - 2 scrolls of fog {unknown}
 h - a scroll of noise {unknown}
 l - a scroll of identify {unknown}
Potions
 d - a potion of lignification {unknown}
 e - 3 potions of degeneration {unknown}
 i - a potion of invisibility {unknown}
 j - a potion of cancellation {unknown}
 k - a potion of heal wounds {unknown}
 m - 2 potions of flight {unknown}
 n - a potion of berserk rage {unknown}


   Skills:
 + Level 0.3 Polearms
 + Level 2.4 Dodging
 * Level 3.4 Stealth
 + Level 3.4 Spellcasting
 * Level 5.0 Ice Magic


You had 7 spell levels left.
You knew the following spells:

 Your Spells              Type           Power        Failure   Level
a - Freeze                Ice            ###.         1%          1

Your spell library contained the following spells:

 Spells                   Type           Power        Failure   Level
 Frozen Ramparts          Ice            ###...       5%          3
 Ozocubu's Armour         Ice            ###.....     5%          3
 Hailstorm                Conj/Ice       ##......     43%         4
 Summon Ice Beast         Ice/Summ       ##......     43%         4


Dungeon Overview and Level Annotations

Branches:
Dungeon (2/15)

Altars:

Annotations:
D:2 Robin


Message History

The goblin barely misses you. The goblin closely misses you.
You hit the goblin.
The goblin is severely wounded.
The goblin hits you from afar with a +0 spear.
The goblin closely misses you.
You are too injured to fight recklessly!
You are too injured to fight recklessly!
You are too injured to fight recklessly!
You are too injured to fight recklessly!
You are too injured to fight recklessly!
You are too injured to fight recklessly!
Unknown command.
You see here a worm corpse.
The bat barely misses you.
A worm comes into view.
The bat hits you but does no damage. The bat closely misses you.
The bat hits you but does no damage. The bat closely misses you.
The worm bites you!
You die...

## .... .. ## #..#####.
.### #..##.... .... .
#..##.##.###..# #.##
#..##.# .....# #.# .....
..##.# #....# #.# .#
#.#.).###.##.# #@w# #.##.#
....>....)##.###b.#
#.##.#..
####..##.g†g..g...#
#.##.#.# #.. #.###.###..#
#.##.#.# #. #.# #.###..#
#.##.#.# # ..#
#......#######.##.#.# #..#
#####.............#.#
#..#######..#######......#
#..##.......# #####..##


You could see a worm and a bat.

Vanquished Creatures
  Terence (D:2)
  A worm (D:2)
  A dart slug (D:1)
  6 bats
  3 goblins (D:1)
  A kobold (D:1)
  4 rats
17 creatures vanquished.

Notes
Turn   | Place    | Note
-------+----------+-------------------------------------------
     0 | D:1      | robertstho the Deep Elf Ice Elementalist began the quest
                  | for the Orb.
     0 | D:1      | Reached XP level 1. HP: 10/10 MP: 6/6
   165 | D:1      | Reached XP level 2. HP: 15/15 MP: 4/8
   755 | D:2      | Noticed Terence
   763 | D:2      | Killed Terence
   763 | D:2      | Reached skill level 5 in Ice Magic
   763 | D:2      | Reached XP level 3. HP: 15/19 MP: 2/9
   773 | D:2      | Noticed Robin
   798 | D:2      | Slain by a worm

Illustrated notes

Levels and vault maps discovered:
D:1:      minmay_arrival_open_corners, layout_basic
D:2:      layout_loops_ring, uniq_terence, uniq_robin

Skill      XL: |  1  2 |
---------------+-------+-----
Stealth        | 3 |  3.4
Ice Magic      | 5 |  5.0
Polearms       | |  0.3
Dodging        | |  2.4
Spellcasting   | |  3.4

Action                   || total
-------------------------++-------
Melee: Spear             ||    43
 Cast: Freeze            ||    19
 Stab: Sleeping          ||     5
Armor: Robe              ||    14
Dodge: Dodged            ||    42

Table legend: (Time is in decaauts)
 A = Elapsed time spent in this place.
 B = Non-inter-level travel time spent in this place.
 C = Inter-level travel time spent in this place.
 D = Time resting spent in this place.
 E = Time spent auto-exploring this place.
 F = Levels seen in this place.
 G = Mean time per level.
                   A        B        C        D        E       F      G
               +--------+--------+--------+--------+--------+-----+--------+
         Total |    801 |    792 |      9 |     98 |    535 |   2 |  400.5 |
       Dungeon |    801 |    792 |      9 |     98 |    535 |   2 |  400.5 |
               +--------+--------+--------+--------+--------+-----+--------+

Top non-repeatable levels by time:
     D:1: 553 daAuts
     D:2: 247 daAuts
